 Dungeon Crawl Stone Soup version 0.20.1-1-g8b1a95d (webtiles) character file.

8649 Mesmaeker13 the Nimble (level 11, -1/75 HPs)
             Began as a Pale Draconian Wizard on Aug 13, 2017.
             Was a Priest of Sif Muna.
             Slain by a blink frog (9 damage)
             ... on level 1 of the Lair of Beasts.
             The game lasted 00:34:55 (15280 turns).

Mesmaeker13 the Nimble (Pale Draconian Wizard)     Turns: 15280, Time: 00:34:55

Health: -1/75      AC: 10    Str: 10    XL:     11   Next: 12%
Magic:  28/30      EV: 15    Int: 22    God:    Sif Muna [***...]
Gold:   675        SH:  0    Dex:  9    Spells: 15/23 levels left

rFire    . . .     SeeInvis +   n - +1 dagger (venom)
rCold    . . .     Gourm    .   (no shield)
rNeg     . . .     Faith    .   (armour unavailable)
rPois    .         Spirit   .   a - +1 hat
rElec    .         Reflect  .   E - scarf {repulsion}
rCorr    .         Harm     .   K - +0 pair of gloves
MR       .....                  l - +0 pair of boots
Stlth    ++........             (no amulet)
Regen    0.3/turn               k - ring of see invisible
MPRegen  0.3/turn               B - ring of magical power (curse)

@: lethally poisoned (-1 -> -4), short of breath, studying Staves, repel
missiles
A: breathe steam, unfitting armour, cold-blooded, AC +7
a: Breathe Steam, Divine Energy, Channel Magic, Renounce Religion


You were on level 1 of the Lair of Beasts.
You worshipped Sif Muna.
Sif Muna was most pleased with you.
You were not hungry.

You visited 3 branches of the dungeon, and saw 12 of its levels.
You also visited: Bailey.

You collected 675 gold pieces.

Inventory:

Hand Weapons
 i - a +1 vampiric short sword
 n - a +1 dagger of venom (weapon)
 R - a +0 blowgun
 T - a +2 whip of electrocution
Missiles
 t - 2 javelins (quivered)
 F - 3 throwing nets
 P - 6 curare-tipped needles
 S - 6 poisoned needles
Armour
 a - a +1 hat (worn)
 l - a +0 pair of boots (worn)
 C - a scarf of resistance
 E - a scarf of repulsion (worn)
 J - a +1 shield of reflection
 K - a +0 pair of gloves (worn)
Jewellery
 f - an uncursed ring of protection from fire {unknown}
 k - a ring of see invisible (left hand)
 B - a cursed ring of magical power (right hand)
 D - a cursed +3 ring of dexterity {unknown}
 G - a cursed -2 ring of dexterity {unknown}
 M - an uncursed ring of positive energy {unknown}
Wands
 z - a wand of clouds (6/9)
 O - a wand of paralysis (3/24)
Scrolls
 d - a scroll of random uselessness {unknown}
 g - 3 scrolls of identify {unknown}
 j - 2 scrolls of enchant weapon
 r - 3 scrolls of teleportation
 u - 5 scrolls of remove curse
 A - a scroll of magic mapping
 L - 2 scrolls of recharging {unknown}
 N - a scroll of blinking {unknown}
 U - a scroll of amnesia
Potions
 c - 2 potions of brilliance {unknown}
 e - a potion of agility {unknown}
 h - 4 potions of curing {unknown}
 m - a potion of might {unknown}
 p - a potion of invisibility {unknown}
 q - a potion of magic {unknown}
 s - 2 potions of ambrosia {unknown}
 w - a potion of heal wounds {unknown}
 x - 6 potions of degeneration
 H - a potion of flight {unknown}
Books
 b - a book of Minor Magic

   Spells                             Type                      Level
   a - Magic Dart                     Conjuration                  1
   b - Blink                          Translocation                2
   c - Call Imp                       Summoning                    2
   d - Slow                           Hexes                        2
   e - Conjure Flame                  Conjuration/Fire             3
   f - Mephitic Cloud                 Conjuration/Poison/Air       3
 y - a book of Cantrips

   Spells                             Type                      Level
   a - Confusing Touch                Hexes                        1
   b - Animate Skeleton               Necromancy                   1
   c - Summon Small Mammal            Summoning                    1
   d - Apportation                    Translocation                1
 I - a manual of Staves
Miscellaneous
 X - a phantom mirror
Comestibles
 o - 6 bread rations
 v - 5 chunks of flesh
 Q - 3 meat rations
 V - 2 fruits


   Skills:
 + Level 0.4 Fighting
 + Level 8.1 Dodging
 - Level 1.7 Stealth
 + Level 6.7 Spellcasting
 - Level 8.0 Conjurations
 + Level 4.0 Hexes
 - Level 5.7 Summonings
   Level 1.0 Translocations
 - Level 5.3 Air Magic
 - Level 5.2 Poison Magic
 + Level 3.6 Invocations


You had 15 spell levels left.
You knew the following spells:

 Your Spells              Type           Power        Failure   Level  Hunger
a - Magic Dart            Conj           ####         1%          1    None
b - Call Imp              Summ           ####....     1%          2    None
c - Mephitic Cloud        Conj/Pois/Air  ####....     1%          3    #......
d - Slow                  Hex            ####....     2%          2    None


Dungeon Overview and Level Annotations

Branches:
Dungeon (10/15)            Temple (1/1) D:7            Lair (1/6) D:9
    Orc: D:9-12

Altars:
Ashenzari
Dithmenos
Elyvilon
Fedhas
Gozag
Hepliaklqana
Kikubaaqudgha
Makhleb
Nemelex Xobeh
Okawaru
Qazlal
Ru
Sif Muna
Vehumet
Xom
Yredelemnul
Zin
The Shining One

Annotations:
D:2 Sigmund
D:7 exclusion: oklob plant


Innate Abilities, Weirdness & Mutations

You can breathe blasts of scalding, opaque steam.
Your pale cyan-grey scales are hard. (AC +7)
You cannot fit into any form of body armour.
You are cold-blooded and may be slowed by cold attacks.


Message History

The water moccasin completely misses you.
You closely miss the blink frog.
You tail-slap the blink frog, but do no damage.
The blink frog is severely wounded.
You feel sick.
The blink frog is engulfed in a cloud of scalding steam.
The blink frog barely misses you. x3
The water moccasin is engulfed in a cloud of scalding steam.
You kill the water moccasin!
Sif Muna accepts your kill.
The blink frog is engulfed in a cloud of scalding steam.
The blink frog hits you but does no damage.
You closely miss the blink frog.
Your tail-slap misses the blink frog.
The blink frog is almost dead.
The blink frog misses you.
The blink frog hits you but does no damage.
The blink frog barely misses you. The blink frog hits you!
* * * LOW HITPOINT WARNING * * *
The blink frog hits you!
You die...

##........#####
#.........# ##........##
#......... #........##
....... ###........#
#######
#....?....####.....##
##......#.# #.......#
#.......### #..%%%..#
###......## #.F.P%%.#
#........# #F@%%...##
#.......## #%§F.....#
##......# ##......##
........########.##....5..
..............##§#.###....
....................# ....
..........................
........................§.
..[.....................


You could see 3 blink frogs and a friendly crimson imp.

Vanquished Creatures
  A two-headed ogre (D:10)
  The ghost of Frank the Covert, a novice OpMo (D:8)
  A black mamba (Lair:1)
  3 hippogriffs (D:8)
  The ghost of dscm the Ruffian, an amateur NaTm (D:4)
  8 yaks
  A hungry ghost (D:7)
  A water moccasin (Lair:1)
  10 orc warriors
  4 sky beasts
  2 eyes of draining (D:10)
  4 centaurs
  6 big kobolds
  4 bullfrogs
  4 scorpions
  A wyvern skeleton (D:10)
  4 killer bees
  4 wights (D:6)
  2 howler monkeys
  6 crimson imps
  2 hounds
  4 orc priests
  4 bullfrog skeletons
  A gnoll shaman (D:9)
  8 jellies
  A centaur skeleton (D:6)
  8 orc wizards
  2 iguanas
  8 worker ants
  A killer bee zombie (D:6)
  A hound zombie (D:8)
  Robin (D:2)
  10 adders
  13 gnolls
  2 shadow imps
  11 oozes
  An adder skeleton (D:4)
  2 worms (D:5)
  2 dart slugs
  5 leopard geckos
  42 orcs
  4 giant cockroaches
  13 goblins
  9 hobgoblins
  16 jackals
  40 kobolds
  5 quokkas
  2 ball pythons
  2 bats (D:1)
  5 frilled lizards
  2 giant cockroach zombies (D:5)
  2 jackal zombies (D:7)
  A leopard gecko skeleton (D:4)
  2 quokka zombies
  4 rats
304 creatures vanquished.

Vanquished Creatures (collateral kills)
  A two-headed ogre (D:9)
  A yak (D:9)
  2 killer bees (D:9)
  A wight (D:6)
  A jelly (D:7)
  An orc priest (D:8)
  A howler monkey zombie (D:8)
  A gnoll (D:1)
  2 oozes (D:7)
  3 orcs
  A goblin (D:8)
  2 kobolds (D:10)
17 creatures vanquished.

Vanquished Creatures (others)
  6 fungi (D:7)
6 creatures vanquished.

Grand Total: 327 creatures vanquished

Notes
Turn   | Place    | Note
-------+----------+-------------------------------------------
     0 | D:1      | Mesmaeker13 the Draconian Wizard began the quest for the Orb.
     0 | D:1      | Reached XP level 1. HP: 14/14 MP: 4/4
   402 | D:1      | Reached XP level 2. HP: 20/20 MP: 1/6
  1252 | D:1      | Learned a level 2 spell: Call Imp
  1253 | D:2      | Noticed Robin
  1281 | D:1      | Reached XP level 3. HP: 8/26 MP: 1/7
  2058 | D:2      | Killed Robin
  2314 | D:2      | Noticed Sigmund
  2331 | D:2      | Reached XP level 4. HP: 33/33 MP: 3/9
  2798 | D:3      | Learned a level 3 spell: Mephitic Cloud
  3283 | D:3      | Reached XP level 5. HP: 17/38 MP: 0/10
  4574 | D:4      | Noticed dscm's ghost (amateur NaTm)
  4586 | D:4      | Killed dscm's ghost
  4586 | D:4      | Reached skill level 1 in Poison Magic
  4586 | D:4      | Reached XP level 6. HP: 39/45 MP: 3/12
  5626 | D:5      | Entered Level 5 of the Dungeon
  5775 | D:5      | Noticed a sky beast
  5792 | D:5      | Killed a sky beast
  5792 | D:5      | Reached skill level 1 in Air Magic
  5792 | D:5      | Your scales start taking on a pale cyan-grey colour.
  5792 | D:5      | Reached XP level 7. HP: 42/50 MP: 11/13
  6395 | D:5      | Found a radiant altar of Vehumet.
  7174 | D:6      | Found an ancient bone altar of Kikubaaqudgha.
  7174 | D:6      | Found an opulent altar of Gozag.
  7329 | D:6      | Reached XP level 8. HP: 38/57 MP: 12/14
  7592 | D:6      | Found a shattered altar of Ashenzari.
  7606 | D:6      | Reached skill level 5 in Conjurations
  7626 | D:6      | Reached skill level 5 in Dodging
 10392 | D:7      | Found a staircase to the Ecumenical Temple.
 10457 | D:7      | Noticed an oklob plant
 10478 | D:7      | Reached XP level 9. HP: 61/62 MP: 15/15
 10494 | D:7      | Reached skill level 5 in Air Magic
 10494 | D:7      | Reached skill level 5 in Poison Magic
 10784 | Temple   | Entered the Ecumenical Temple
 10936 | Temple   | Became a worshipper of Sif Muna the Loreminder
 11134 | D:8      | Learned a level 2 spell: Slow
 11206 | D:8      | Reached skill level 1 in Hexes
 11257 | D:8      | Noticed Frank's ghost (novice OpMo)
 11283 | D:8      | Killed Frank's ghost
 11283 | D:8      | Reached * piety under Sif Muna
 11636 | D:8      | Found a flagged portal.
 11645 | Bailey   | Entered a bailey
 12010 | Bailey   | Reached skill level 5 in Spellcasting
 12113 | Bailey   | Reached XP level 10. HP: 69/69 MP: 17/17
 12661 | D:8      | Reached ** piety under Sif Muna
 13127 | D:9      | Noticed a two-headed ogre
 13144 | D:9      | Killed a two-headed ogre
 13152 | D:9      | Found a staircase to the Lair.
 13647 | D:9      | Reached skill level 1 in Invocations
 13864 | D:9      | Reached skill level 5 in Summonings
 14207 | D:10     | Entered Level 10 of the Dungeon
 14227 | D:10     | Noticed a two-headed ogre
 14437 | D:10     | Reached *** piety under Sif Muna
 14743 | D:10     | Killed a two-headed ogre
 14743 | D:10     | Reached XP level 11. HP: 19/74 MP: 5/20
 15169 | Lair:1   | Entered Level 1 of the Lair of Beasts
 15280 | Lair:1   | Slain by a blink frog

Skill      XL: |  1  2  3  4  5  6  7  8  9 10 11 |
---------------+----------------------------------+-----
Dodging        | 2 3 4 5 6 8 |  8.1
Conjurations   | 2 3 4 5 7 8 |  8.0
Summonings     | 2 3 5 |  5.7
Spellcasting   | 4 5 6 |  6.7
Poison Magic   | 1 2 3 4 5 |  5.2
Air Magic      | 1 2 4 5 |  5.3
Hexes          | 2 3 4 |  4.0
Invocations    | 3 |  3.6
Fighting       | |  0.4
Stealth        | |  1.7
Translocations | |  1.0

Action                   |  1- 3 |  4- 6 |  7- 9 | 10-12 || total
-------------------------+-------+-------+-------+-------++-------
Melee: Unarmed           |     3 |       |       |       ||     3
       Club              |    16 |    10 |    99 |       ||   125
       Short sword       |    35 |    47 |       |       ||    82
       Tailslap          |     5 |    10 |    25 |    30 ||    70
       Dagger            |       |   106 |   287 |   174 ||   567
       Mace              |       |       |    12 |       ||    12
       Whip              |       |       |       |   139 ||   139
Throw: Javelin           |       |       |     1 |       ||     1
 Cast: Magic Dart        |    40 |    56 |   201 |    76 ||   373
       Call Imp          |     3 |     9 |    28 |    15 ||    55
       Mephitic Cloud    |       |     1 |     9 |    25 ||    35
       Slow              |       |       |       |     2 ||     2
 Abil: Breathe Steam     |       |       |    15 |     5 ||    20
  Use: Scroll            |     3 |     5 |     1 |       ||     9
 Stab: Sleeping          |       |     1 |     2 |       ||     3
       Distracted        |       |     1 |     1 |       ||     2
       Confused          |       |       |       |    10 ||    10
  Eat: Chunk             |     4 |    12 |    13 |    12 ||    41
       Bread ration      |     1 |       |     1 |       ||     2
       Meat ration       |       |       |     3 |       ||     3
Armor: Skin              |    21 |    41 |   163 |   126 ||   351
Dodge: Dodged            |    62 |   113 |   345 |   293 ||   813
       Deflected         |       |       |       |     4 ||     4
